 Dungeon Crawl Stone Soup version 0.26.1-11-gd32895ea62 (webtiles) character file.

Game seed: 5327736323561059514

2722 Amplified the Covert (level 9, -6/61 (62) HPs)
             Began as an Octopode Ice Elementalist on July 11, 2021.
             Was an Initiate of Makhleb.
             Mangled by a wight
             ... wielding a +2 battleaxe
              (10 damage)
             ... on level 8 of the Dungeon.
             The game lasted 00:14:40 (8195 turns).

Amplified the Covert (Octopode Ice Elementalist)    Turns: 8195, Time: 00:14:41

HP:   -6/61 (62)    AC:  9    Str:  7    XL:     9   Next: 66%
MP:   2/15          EV: 13    Int: 21    God:    Makhleb [......]
Gold: 225           SH:  0    Dex: 12    Spells: 6/17 levels left

rFire    . . .     SeeInvis .   g - +2 flail (distort)
rCold    . . .     Faith    .   (no shield)
rNeg     . . .     Spirit   .   (helmet restricted)
rPois    .         Reflect  .   (no amulet)
rElec    .         Harm     .   (no ring)
rCorr    .         Rampage  .   (no ring)
Will     .....                  (no ring)
Stlth    +++++.....             (no ring)
HPRegen  0.20/turn              (no ring)
MPRegen  0.14/turn              (no ring)
                                (no ring)
                                (no ring)

@: icy armour, about to teleport, lightly drained
A: almost no armour, stealthy swim, amphibious, 8 rings, constrict 8, camouflage
1, gelatinous body 1
a: Renounce Religion


You were on level 8 of the Dungeon.
You worshipped Makhleb.
Makhleb was noncommittal.
You visited 1 branch of the dungeon, and saw 10 of its levels.

You collected 472 gold pieces.
You spent 247 gold pieces at shops.

Inventory:

Hand Weapons
 f - a +2 dagger of freezing
 g - a +2 flail of distortion (weapon)
Missiles
 j - 18 poisoned darts (quivered)
Wands
 d - a wand of digging (3)
 h - a wand of random effects (17)
Scrolls
 b - 2 scrolls of remove curse
 e - a scroll of identify
Potions
 a - 3 potions of flight


   Skills:
 * Level 5.8 Fighting
 - Level 2.0 Dodging
 * Level 10.7 Stealth
 - Level 4.5 Spellcasting
 * Level 8.6 Ice Magic


You had 6 spell levels left.
You knew the following spells:

 Your Spells              Type           Power        Failure   Level
a - Freeze                Ice            100%         1%          1
b - Frozen Ramparts       Ice            80%          1%          3
c - Ozocubu's Armour      Ice            40%          1%          3
d - Hailstorm             Conj/Ice       22%          19%         4

Your spell library contained the following spells:

 Spells                   Type           Power        Failure   Level
 Summon Ice Beast         Ice/Summ       22%          19%         4


Dungeon Overview and Level Annotations

Branches:
Dungeon (10/15)              Lair (0/6) D:8
 Temple: D:4-7          Orc: D:9-12

Altars:
Ashenzari
Makhleb
Yredelemnul
Zin

Shops:
D:4 [   D:5 }   D:7 (

Annotations:
D:4 1 runed translucent door
D:5 Edmund, Menkaure, Prince Ribbit
D:7 Dowan, Duvessa


Innate Abilities, Weirdness & Mutations

You cannot wear most types of armour.
You are very stealthy in the water. (Stealth+)
You are amphibious.
You can wear up to eight rings at the same time.
You can use your tentacles to constrict eight enemies at once.
Your skin changes colour to match your surroundings (Stealth+).
Your rubbery body absorbs attacks. (AC +1, EV +1)


Message History

Your icy armour cracks and falls away as you move.
As you read the scroll of teleportation, it crumbles to dust.
You feel strangely unstable.
Unknown command.
Okay, then.
Unknown command.
Casting: Ozocubu's Armour (safe; 1% risk of failure)
Confirm with . or Enter, or press ? or * to list all spells.
Okay, then.
Casting: Ozocubu's Armour (safe; 1% risk of failure)
Confirm with . or Enter, or press ? or * to list all spells.
A film of ice covers your body!
Unknown command.
Unknown command.
Aiming: Disintegrate
Press: ? - help, Shift-Dir - straight line, f - wight
Aim: a wight, wielding a +2 battleaxe and wearing a +0 robe (chance to affect: 65%)
The wight is blasted!
The now-empty wand crumbles to dust.
The wight hits you with a +2 battleaxe!
You die...

### ..##
...#
...# ###
...#
##@#
....#
##z##
...#.#
##.##
...##.#
##.##
.### #.#
##.## ##
#.###.##
# #.#.##
# #)## #
#####
##.####
#


You could see a wight.

Vanquished Creatures
  Sigmund (D:3)
  A steam dragon (D:7)
  A water moccasin (D:9)
  2 sky beasts (D:6)
  2 ogres (D:4)
  A necrophage (D:8)
  A centaur (D:6)
  3 bullfrogs
  2 scorpions (D:4)
  A water moccasin skeleton (D:7)
  9 killer bees (D:9)
  2 wights (D:8)
  5 howler monkeys
  A quasit (D:8)
  A bullfrog zombie (D:6)
  2 orc priests
  2 hounds (D:6)
  Crazy Yiuf (D:3)
  Terence (D:3)
  An orc wizard (D:4)
  6 worker ants
  A killer bee zombie (D:4)
  Robin (D:3)
  7 gnolls
  8 adders
  An ufetubus (D:8)
  2 oozes
  An adder skeleton (D:4)
  3 dart slugs
  4 leopard geckos
  10 orcs
  3 giant cockroaches
  15 goblins
  7 hobgoblins
  11 jackals
  10 kobolds
  2 quokkas
  2 ball pythons
  10 bats
  5 frilled lizards
  A quokka zombie (D:6)
  6 rats
156 creatures vanquished.

Vanquished Creatures (others)
  An orc (D:7)
  5 fungi (D:8)
  7 plants
13 creatures vanquished.

Grand Total: 169 creatures vanquished

Notes
Turn   | Place    | Note
-------+----------+-------------------------------------------
     0 | D:1      | Amplified the Octopode Ice Elementalist began the quest for
                  | the Orb.
     0 | D:1      | Reached XP level 1. HP: 11/11 MP: 3/3
   239 | D:1      | Reached XP level 2. HP: 12/17 MP: 3/5
   563 | D:1      | Reached skill level 3 in Stealth
  1006 | D:1      | Reached XP level 3. HP: 21/21 MP: 6/6
  1010 | D:1      | Learned a level 3 spell: Frozen Ramparts
  1290 | D:2      | Learned a level 3 spell: Ozocubu's Armour
  1536 | D:2      | Reached XP level 4. HP: 27/27 MP: 8/8
  2054 | D:2      | Reached skill level 4 in Stealth
  2574 | D:3      | Reached XP level 5. HP: 31/31 MP: 9/9
  2694 | D:3      | Reached skill level 5 in Ice Magic
  2911 | D:3      | Noticed Terence
  2924 | D:3      | Killed Terence
  3066 | D:3      | Reached skill level 5 in Stealth
  3374 | D:3      | Reached XP level 6. HP: 36/36 MP: 7/11
  3392 | D:3      | Noticed Robin
  3402 | D:3      | Killed Robin
  3525 | D:3      | Found a basalt altar of Yredelemnul.
  3629 | D:3      | Noticed Sigmund
  3757 | D:4      | Found a broken altar of Ashenzari.
  3832 | D:4      | Found Sacihim's Antique Armour Boutique.
  3913 | D:5      | Entered Level 5 of the Dungeon
  3953 | D:5      | Noticed Prince Ribbit
  3986 | D:5      | Noticed Menkaure
  3997 | D:5      | Noticed Edmund
  3997 | D:5      | Noticed an ice beast
  4182 | D:4      | Reached skill level 6 in Stealth
  4182 | D:4      | Reached XP level 7. HP: 41/41 MP: 13/13
  4439 | D:4      | Found a glowing silver altar of Zin.
  4440 | D:4      | Found a runed translucent door.
  4440 | D:4      | Noticed an angel
  5042 | D:4      | Reached skill level 1 in Fighting
  5108 | D:4      | Reached skill level 7 in Stealth
  5638 | D:3      | Found a runed translucent door.
  5639 | D:3      | Noticed Crazy Yiuf
  5684 | D:3      | Killed Crazy Yiuf
  5812 | D:3      | Killed Sigmund
  5813 | D:3      | Reached XP level 8. HP: 44/50 MP: 5/14
  6269 | D:5      | Found Zeschoes's Gadget Boutique.
  6272 | D:5      | Bought a wand of disintegration (15) for 247 gold pieces
  6710 | D:6      | Reached skill level 8 in Stealth
  7162 | D:6      | Learned a level 4 spell: Hailstorm
  7739 | D:7      | Reached skill level 9 in Stealth
  7748 | D:7      | Noticed Duvessa
  7749 | D:7      | Noticed Dowan
  7756 | D:7      | Found Miaqi's Antique Weapon Emporium.
  7814 | D:7      | Reached XP level 9. HP: 35/59 MP: 15/15
  7839 | D:7      | You fall into a shaft and drop 3 floors!
  7839 | D:10     | Entered Level 10 of the Dungeon
  7958 | D:9      | Noticed a two-headed ogre
  8011 | D:9      | Reached skill level 5 in Fighting
  8059 | D:9      | Reached skill level 10 in Stealth
  8077 | D:9      | Found a burning altar of Makhleb.
  8077 | D:9      | Noticed a balrug
  8080 | D:9      | Noticed an orange demon
  8082 | D:9      | Became a worshipper of Makhleb the Destroyer
  8108 | D:8      | Noticed a two-headed ogre
  8120 | D:8      | Found a staircase to the Lair.
  8185 | D:8      | HP: 2/60 [wight/cursed +5 battleaxe (4)]
  8195 | D:8      | Mangled by a wight

Illustrated notes

Levels and vault maps discovered:
D:1:      dpeg_arrival_rooms_a, layout_loops_corners
D:2:      layout_basic, grunt_ministairs_9, cheibrodos_gnoll_hut
D:3:      layout_loops_corners, general_overflow_altar, uniq_sigmund,
          uniq_robin, uniq_crazy_yiuf_cottage, uniq_terence
D:4:      layout_loops_ring, nicolae_overflow_crystal_walls, serial_shops,
          kennysheep_mini_moat, lemuel_angel_altar
D:5:      layout_rooms, vehumet_statue, serial_shops,
          nicolae_shop_competitors_out_of_business, uniq_edmund, uniq_menkaure,
          uniq_prince_ribbit1
D:6:      layout_cave_pods
D:7:      layout_loops_ring, minmay_temple_entry_drinking_statues, serial_shops,
          shop, nicolae_shop_overgrown_old_shop, enter_ossuary_2,
          item_on_display_a, uniq_duvessa
D:8:      layout_cave_pods, dpeg_oklobed_lair, serial_shops, shop
D:9:      layout_roguey, makhleb_altar_promises_db,
          amethyst_overflow_temple_binary, minivault_20, due_unseen_surprise
D:10:     layout_stronghold, zombieorc1_lemuel, serial_shops,
          nicolae_shop_waterfront

Skill      XL: |  1  2  3  4  5  6  7  8  9 |
---------------+----------------------------+-----
Stealth        | 3 4 5 6 7 9 10 | 10.7
Spellcasting   | 3 4 |  4.5
Ice Magic      | 5 6 7 8 |  8.6
Fighting       | 2 4 5 |  5.8
Dodging        | |  2.0

Action                   |  1- 3 |  4- 6 |  7- 9 || total
-------------------------+-------+-------+-------++-------
Melee: Whip              |     2 |       |       ||     2
       Unarmed           |     2 |       |       ||     2
       Constrict         |    14 |    24 |    27 ||    65
       Tentacles         |     7 |     8 |    16 ||    31
       Dagger            |    48 |    88 |   108 ||   244
       Flail             |       |       |    41 ||    41
Throw: Dart              |       |       |     2 ||     2
 Cast: Freeze            |    12 |     1 |       ||    13
       Frozen Ramparts   |     4 |    18 |    21 ||    43
       Ozocubu's Armour  |       |       |    21 ||    21
Evoke: Wand              |       |       |    18 ||    18
  Use: Scroll            |     2 |     8 |     8 ||    18
       Potion            |       |     7 |     5 ||    12
 Stab: Sleeping          |     9 |    14 |     7 ||    30
Armor: Skin              |     2 |     2 |    22 ||    26
Dodge: Dodged            |    43 |    38 |   144 ||   225
